 Dungeon Crawl Stone Soup version 0.31-a0-219-g8d62b2e7bb (webtiles) character file.

Game seed: 7219757680639806672

201562 Zonian the Sorcerer (level 17, -2/102 HPs)
             Began as a Deep Elf Air Elementalist on July 2, 2023.
             Was a High Priest of Vehumet.
             Killed from afar by a spriggan druid (39 damage)
             ... with a stone arrow
             ... on level 3 of the Swamp on July 3, 2023.
             The game lasted 03:02:44 (70234 turns).

Zonian the Sorcerer (Deep Elf Air Elementalist)    Turns: 70234, Time: 03:02:44

Health: -2/102     AC: 10    Str:  7    XL:     17   Next: 91%
Magic:  23/44      EV: 21    Int: 29    God:    Vehumet [*****.]
Gold:   1701       SH:  9    Dex: 18    Spells: 3/58 levels left

rFire   + . .        N - staff of air
rCold   + . .        F - +3 buckler
rNeg    . . .        U - +3 leather armour of Watchfulness {Rampage Regen+ rCorr Str+2}
rPois   +            (no helmet)
rElec   +            L - scarf {rC+ rF+}
rCorr   +            X - +0 pair of gloves "Cuaff" {rPois}
SInv    .            u - +2 pair of boots
Will    +....        y - amulet of regeneration
Stlth   ++++         l - +5 ring of evasion
HPRegen 1.97/turn    r - ring of Salaam {AC+4 Dex+3}
MPRegen 0.29/turn

%: rampage
@: corroded
A: no striking features
}: 1/15 runes: gossamer
a: Renounce Religion


You were on level 3 of the Swamp.
You worshipped Vehumet.
Vehumet was extremely pleased with you.
You visited 6 branches of the dungeon, and saw 30 of its levels.
You also visited: Sewer and Bailey.

You collected 2676 gold pieces.
You spent 975 gold pieces at shops.

Inventory:

Hand Weapons
 b - a +11 battleaxe
 D - a +2 sling of freezing
 P - a +4 short sword of freezing
Missiles
 i - 4 curare-tipped darts
 p - 7 javelins
 v - 34 poisoned darts
 E - 6 silver javelins
Armour
 u - a +2 pair of boots (worn)
 F - a +3 buckler (worn)
 L - a scarf of resistance (worn)
 T - a scarf of repulsion
 U - the +3 leather armour of Watchfulness (worn) {Rampage Regen+ rCorr Str+2}
   (You bought it in a shop on level 1 of the Dungeon)

   Str:       It affects your strength (+2).
   Regen:     It increases your rate of health regeneration.
   rCorr:     It protects you from acid and corrosion.
   Rampage:   It bestows one free step when moving towards enemies.
 X - the +0 pair of gloves "Cuaff" (worn) {rPois}
   (You bought it in a shop on level 10 of the Dungeon)

   rPois:     It protects you from poison.
Magical Staves
 N - a staff of air (weapon)
Jewellery
 f - a +4 ring of slaying
 l - a +5 ring of evasion (left hand)
 o - a +5 ring of evasion
 r - the ring of Salaam (right hand) {AC+4 Dex+3}
   (You acquired it on level 5 of the Dungeon)

   [ring of protection]

   AC:        It affects your AC (+4).
   Dex:       It affects your dexterity (+3).
 y - an amulet of regeneration (around neck)
 z - a ring of flight
 H - a ring of see invisible
 I - a ring of fire
 Z - a +4 ring of protection
Wands
 e - a wand of iceblast (9)
 m - a wand of flame (30)
 G - a wand of mindburst (11)
 K - a wand of digging (8)
 Q - a wand of paralysis (54)
 V - a wand of light (6)
Scrolls
 a - a scroll of butterflies
 j - 5 scrolls of teleportation
 n - a scroll of silence
 q - 2 scrolls of poison
 x - 4 scrolls of blinking
 C - 11 scrolls of identify
 M - 2 scrolls of revelation
 W - 2 scrolls of fog
 Y - a scroll of enchant weapon
Potions
 c - 11 potions of curing
 d - 10 potions of heal wounds
 h - a potion of magic
 k - 5 potions of ambrosia
 s - 4 potions of invisibility
 t - 5 potions of haste
 w - 8 potions of might
 B - 6 potions of lignification
 J - 9 potions of brilliance
 O - 3 potions of enlightenment
 S - 2 potions of berserk rage
Miscellaneous
 g - a phantom mirror
 R - a sack of spiders


   Skills:
 - Level 10.0 Fighting
 + Level 4.7 Staves
 - Level 8.0 Ranged Weapons
 - Level 4.0 Armour
 - Level 10.0 Dodging
 - Level 10.0 Stealth
 - Level 5.3 Shields
 + Level 21.1 Spellcasting
 - Level 10.0 Conjurations
 - Level 4.0 Hexes
 - Level 4.0 Translocations
 - Level 14.0 Fire Magic
 - Level 12.4 Air Magic
 - Level 10.0 Evocations


You had 3 spell levels left.
You knew the following spells:

 Your Spells              Type           Power      Damage    Failure   Level
a - Shock                 Conj/Air       100%       1d9       1%          1
b - Static Discharge      Conj/Air       100%       2-7/arc   1%          2
c - Swiftness             Air            100%       N/A       1%          3
d - Airstrike             Air            50%        2d(8-24)  1%          4
e - Fulminant Prism       Conj/Hex       31%        3d16      1%          4
f - Iskenderun's Mystic   Conj/Tloc      63%        2d13      1%          4
g - Flame Wave            Conj/Fire      79%        2d17      1%          4
h - Fireball              Conj/Fire      39%        3d16      1%          5
i - Freezing Cloud        Conj/Ice/Air   42%        6-21      1%          5
j - Plasma Beam           Fire/Air       51%        2x1d66    1%          6
k - Starburst             Conj/Fire      39%        6d11      1%          6
l - Sticky Flame          Conj/Fire      79%        2d9       1%          4
m - Orb of Destruction    Conj           36%        9d11      11%         7

Your spell library contained the following spells:

 Spells                   Type           Power      Damage    Failure   Level
 Ignition                 Fire           42%        3d12      16%         8
 Maxwell's Capacitive Co  Air            50%        ∞         26%         8
 Chain Lightning          Conj/Air       48%        3d64      99%         9
 Magic Dart               Conj           100%       1d8       1%          1
 Cigotuvi's Dreadful Rot  Necr/Pois/Air  100%       N/A       1%          2
 Searing Ray              Conj           100%       2d8       1%          2
 Ignite Poison            Fire/Tmut/Pois 55%        N/A       1%          3
 Inner Flame              Hex/Fire       70%        N/A       1%          3
 Tukima's Dance           Hex            52%        N/A       1%          3
 Ozocubu's Armour         Ice            30%        N/A       8%          3
 Silence                  Hex/Air        43%        N/A       2%          5
 Passage of Golubria      Tloc           52%        N/A       4%          4
 Yara's Violent Unravell  Hex/Tmut       21%        3d10      9%          5
 Dispel Undead            Necr           30%        3d14      26%         4
 Summon Forest            Summ/Tloc      21%        N/A       32%         5
 Summon Mana Viper        Hex/Summ       42%        N/A       32%         5
 Death Channel            Necr           15%        N/A       99%         6
 Summon Cactus Giant      Summ           15%        N/A       99%         6
 Ozocubu's Refrigeration  Ice            15%        4d10      99%         7
 Lehudib's Crystal Spear  Conj/Erth      28%        10d7      99%         8


Dungeon Overview and Level Annotations

Branches:
Dungeon (15/15)            Temple (1/1) D:7            Lair (5/5) D:9
  Swamp (3/4) Lair:2       Spider (4/4) Lair:3        Slime (0/5) Lair:4
    Orc (2/2) D:11            Elf (0/3) Orc:2        Vaults (0/5) D:13
 Depths (0/4) D:15          Sewer (visited)          Bailey (visited)

Altars:
Ashenzari
Cheibriados
Dithmenos
Elyvilon
Fedhas
Gozag
Hepliaklqana
Kikubaaqudgha
Makhleb
Nemelex Xobeh
Okawaru
Qazlal
Ru
Sif Muna
Trog
Uskayaw
Vehumet
Wu Jian
Xom
Yredelemnul
Zin
The Shining One
Lugonu

Shops:
D:1 [   D:4 (   D:10 [   D:14 *   Orc:2 [(=(!

Portals:
Abyss: Lair:5

Annotations:
D:4 1 runed translucent door, Crazy Yiuf
D:9 1 runed translucent door, Starbright's ghost, journeyman OpCj
D:12 2 transporters, innerfire43's ghost, journeyman DsMo


Message History

The mangrove smoulders and burns. x2; You smell burning wood.
The mangrove smoulders and burns.
Vehumet accepts your kill.
You feel your power returning.
You feel a bit more experienced.
The spriggan rider is engulfed in a cloud of scalding steam.
The spriggan druid completely misses you.
Vehumet accepts your kill.
You feel your power returning.
You feel a bit more experienced.
Unknown command.
Casting: Starburst (dangerous; 1% risk of failure)
Confirm with . or Enter, or press ? or * to list all spells.
Casting: Starburst (dangerous; 1% risk of failure)
Press: ? - help, Dir - look around, f - activate The mangrove smoulders and burns.
The bolt of fire misses the spriggan druid.
You smell burning wood.
The spriggan druid calls out to the beasts of the wild!
Unknown command.
You hit the spriggan druid but do no damage.
The spriggan druid is electrocuted!
The spriggan druid is almost dead.
The spriggan druid gestures at you while chanting.
The stone arrow hits you!
* * * LOW HITPOINT WARNING * * *
Unknown command.
You completely miss the spriggan druid.
The spriggan druid is almost dead.
A bunyip comes into view.
The spriggan druid hits you with a +0 war axe!
* * * LOW HITPOINT WARNING * * *
The bunyip moves out of view.
Unknown command.
You feel much better. The spriggan druid misses you.
The spriggan splashes around in the water.
You barely miss the spriggan druid.
The spriggan druid is almost dead.
The spriggan splashes around in the water.
The spriggan druid casts a spell at you.
The stone arrow hits you!!!
You die...

... ♣.......♣..≈♣♣♣~...
.~~≈ ♣..P♣~..♣♣.≈~.♣~...
.~§§≈ ♣..♣♣♣..♣.≈...~~..~
~~§≈.♣♣..~♣~..♣♣.≈....♣♣.
..~≈§.♣.....≈≈♣..≈.♣...~>
.~.≈...♣....≈~≈..≈~....~
~~..≈.§.§♣°♣♣≈§≈.≈.~~~♣♣
~~...§§i.☼.♣..≈~≈..~~.~
..~~~§≈.@.≈....≈....
~♣♣♣~.≈≈≈.≈≈≈≈.~~..
♣..~i§~~~.~~~§~~
♣....†~~~.~~~~~~
..~....~~~§.§~
.~.♣♣.~.~~~..)~ .§~
♣♣~.).♣.... .x ♣~.§≈♣..~~


You could see a bunyip (wandering), a spriggan druid and a spriggan.

Vanquished Creatures
  A thorn hunter (Swamp:2)
  9 emperor scorpions
  3 ghost moths
  An orc warlord (Bailey)
  2 broodmothers
  A stone giant (D:15)
  2 eleionomae
  5 spark wasps (Spider:3)
  4 bunyips (Swamp:2)
  5 entropy weavers
  A rakshasa (D:14)
  A ghost crab (Swamp:2)
  Fannar (D:10)
  12 hydras
  An ogre mage (Orc:2)
  3 jorogumos
  5 two-headed ogres (Orc:2)
  7 centaur warriors
  5 boulder beetles
  A death knight (D:15)
  2 radroaches
  9 alligators
  2 tengu warriors (D:15)
  2 death yaks (Lair:1)
  A death scarab (Spider:3)
  3 orc high priests (Orc:2)
  3 thrashing horrors (Lair:5)
  11 demonic crawlers
  14 spriggans
  A shock serpent (shapeshifter) (D:14)
  A skyshark (Lair:5)
  6 pharaoh ants
  5 goliath frogs
  A sun moth (Spider:4)
  Lodul (D:10)
  5 spriggan druids
  A wizard (D:13)
  9 orb spiders
  A bog body (Lair:2)
  A steelbarb worm (shapeshifter) (D:15)
  7 steelbarb worms
  A large abomination (Lair:5)
  17 wolf spiders
  12 ugly things
  3 deep elf pyromancers
  3 orc sorcerers (Orc:2)
  6 orc knights
  A cyclops (D:13)
  A will-o-the-wisp (Swamp:2)
  A salamander (shapeshifter) (D:15)
  3 moths of wrath
  12 elephants
  2 manticores
  4 black mambas
  A gargoyle (D:12)
  2 unseen horrors
  20 cane toads
  9 torpor snails
  A kobold demonologist (D:11)
  3 yaktaurs (D:13)
  3 rime drakes
  An efreet (D:15)
  9 komodo dragons
  2 ancient zymes (Lair:5)
  A meliai (shapeshifter) (Lair:5)
  A polar bear (Lair:1)
  5 trolls
  5 tyrant leeches
  9 meliai
  38 tarantellas
  9 hornets
  50 blink frogs
  3 dream sheep (Lair:5)
  27 jumping spiders
  11 slime creatures
  A centaur simulacrum (D:14)
  29 culicivoras
  4 shadows
  45 yaks
  3 ynoxinuls (Lair:5)
  2 wraiths
  8 wyverns
  12 basilisks
  2 steam dragons (Lair:2)
  A redback (shapeshifter) (D:11)
  32 redbacks
  16 vampire mosquitoes
  A warg (Orc:1)
  Menkaure (D:4)
  15 swamp worms
  A two-headed ogre zombie (D:11)
  A chaos spawn (Lair:5)
  An acid dragon (D:9)
  29 water moccasins
  7 swamp drakes
  36 orc warriors
  2 black bears
  23 wolves
  16 ogres
  A boggart (D:13)
  8 centaurs
  2 phantoms
  10 small abominations
  5 kobold brigands
  Blork the orc (D:4)
  4 gnoll sergeants
  11 bullfrogs
  3 scorpions
  11 wights
  12 killer bees (D:9)
  A troll zombie (D:11)
  3 electric eels (Spider:3)
  7 howler monkeys
  9 jellies
  5 hounds
  A gnoll bouda (D:9)
  10 orc priests
  A sleepcap (D:6)
  4 iguanas
  23 orc wizards
  6 ogre zombies (D:11)
  A mummy (D:12)
  12 adders
  23 gnolls
  2 shadow imps
  3 white imps (D:6)
  6 worms
  2 dart slugs
  66 orcs
  10 endoplasms
  18 giant cockroaches
  25 goblins
  27 hobgoblins
  5 jackals
  25 kobolds
  8 quokkas
  16 ball pythons
  4 bats
  13 frilled lizards
  2 goblin skeletons (D:11)
  3 goblin zombies (D:11)
  A hobgoblin skeleton (D:11)
  3 hobgoblin zombies (D:11)
  16 orc zombies (D:11)
  2 rats
1151 creatures vanquished.

Vanquished Creatures (others)
  2 orc priests (Orc:2)
  An orc wizard (Orc:2)
  A quokka (D:9)
  5 fulminant prisms
9 creatures vanquished.

Grand Total: 1160 creatures vanquished

Notes
Turn   | Place    | Note
-------+----------+-------------------------------------------
     0 | D:1      | Zonian the Deep Elf Air Elementalist began the quest for
                  | the Orb.
     0 | D:1      | Reached XP level 1. HP: 10/10 MP: 6/6
    47 | D:1      | Found Xuuppaug's Armour Shop.
   156 | D:1      | Reached XP level 2. HP: 15/15 MP: 0/8
  1124 | D:2      | Reached XP level 3. HP: 19/19 MP: 7/9
  2230 | D:2      | Reached XP level 4. HP: 24/24 MP: 6/11
  2769 | D:3      | Learned a level 2 spell: Static Discharge
  2919 | D:3      | Reached skill level 4 in Spellcasting
  3169 | D:3      | Found a glowing drain.
  3196 | Sewer    | Entered a sewer
  3680 | Sewer    | Reached XP level 5. HP: 27/28 MP: 6/13
  3824 | Sewer    | Learned a level 3 spell: Swiftness
  4525 | Sewer    | Reached XP level 6. HP: 3/32 MP: 3/15
  5467 | D:4      | Found Kemaqimp's Weapon Boutique.
  5650 | D:4      | Noticed Menkaure
  5699 | D:4      | Found a runed translucent door.
  5700 | D:4      | Noticed Crazy Yiuf
  5741 | D:4      | Reached skill level 5 in Spellcasting
  6095 | D:4      | Reached XP level 7. HP: 16/36 MP: 6/16
  6345 | D:4      | Killed Menkaure
  6346 | D:4      | Reached skill level 5 in Stealth
  6435 | D:4      | Noticed Blork the orc
  6448 | D:4      | Killed Blork the orc
  6449 | D:4      | Reached skill level 5 in Dodging
  7361 | D:5      | Entered Level 5 of the Dungeon
  7780 | D:5      | Identified a scroll of acquirement
  7780 | D:5      | Acquired the ring of Salaam {AC+4 Dex+3}
  7876 | D:5      | Reached skill level 6 in Spellcasting
  7876 | D:5      | Reached skill level 5 in Air Magic
  8258 | D:5      | Found a hide-covered altar of Uskayaw.
  8580 | D:6      | Reached XP level 8. HP: 41/41 MP: 19/19
  9172 | D:6      | Reached skill level 5 in Conjurations
  9437 | D:6      | Reached skill level 7 in Spellcasting
 10220 | D:6      | Reached skill level 8 in Spellcasting
 10414 | D:6      | Found a sparkling altar of Nemelex Xobeh.
 10500 | D:7      | Found a staircase to the Ecumenical Temple.
 10531 | Temple   | Entered the Ecumenical Temple
 10697 | Temple   | Became a worshipper of Vehumet
 10792 | D:7      | Reached XP level 9. HP: 42/45 MP: 15/23
 10885 | D:7      | Found a flagged portal.
 10892 | Bailey   | Entered a bailey
 11314 | Bailey   | Learned a level 4 spell: Airstrike
 11335 | Bailey   | Reached skill level 9 in Spellcasting
 11752 | Bailey   | Reached * piety under Vehumet
 11752 | Bailey   | Offered knowledge of Kiss of Death by Vehumet.
 12755 | Bailey   | Reached skill level 10 in Spellcasting
 13224 | Bailey   | Reached skill level 1 in Shields
 13302 | Bailey   | Noticed an orc warlord
 13338 | Bailey   | Killed an orc warlord
 13339 | Bailey   | Reached XP level 10. HP: 8/50 MP: 6/26
 14816 | D:7      | Acquired a staff of air
 14876 | D:8      | Reached ** piety under Vehumet
 14876 | D:8      | Offered knowledge of Scorch by Vehumet.
 14883 | D:8      | Reached skill level 11 in Spellcasting
 15645 | D:7      | Noticed a five-headed hydra
 16295 | D:1      | Bought the +3 leather armour of Watchfulness {Rampage
                  | Regen+ rCorr Str+2} for 439 gold pieces
 16890 | D:9      | Reached skill level 1 in Armour
 17464 | D:9      | Learned a level 4 spell: Fulminant Prism
 17853 | D:9      | Offered knowledge of Volatile Blastmotes by Vehumet.
 18048 | D:9      | Reached XP level 11. HP: 44/54 MP: 19/28
 18653 | D:9      | Found a staircase to the Lair.
 18860 | D:9      | Reached skill level 1 in Hexes
 18988 | D:9      | Found a white marble altar of Elyvilon.
 19017 | D:9      | Reached skill level 1 in Evocations
 19019 | D:9      | Reached *** piety under Vehumet
 19024 | D:9      | Reached skill level 12 in Spellcasting
 19472 | D:9      | Found a runed translucent door.
 19476 | D:9      | Identified the +10 spear of Damp {heavy, rElec rC+ MP+9}
 19476 | D:9      | Noticed Starbright's ghost (journeyman OpCj)
 19586 | Lair:1   | Entered Level 1 of the Lair of Beasts
 19609 | Lair:1   | Noticed a death yak
 19609 | Lair:1   | Noticed a death yak
 19947 | D:10     | Entered Level 10 of the Dungeon
 19947 | D:10     | Noticed Lodul
 20165 | D:10     | Found Weff's Armour Shoppe.
 20182 | D:10     | Bought the +0 pair of gloves "Cuaff" {rPois} for 188 gold
                  | pieces
 20487 | D:10     | Noticed Fannar
 20499 | D:10     | Killed Fannar
 20499 | D:10     | HP: 2/54 [/static electricity (3)]
 20500 | D:10     | Reached skill level 5 in Shields
 20917 | D:10     | Offered knowledge of Iskenderun's Mystic Blast by Vehumet.
 21591 | D:10     | Learned a level 4 spell: Iskenderun's Mystic Blast
 21732 | D:10     | Found an ornate altar of the Wu Jian Council.
 21732 | D:10     | Found a bloodstained altar of Trog.
 21740 | D:10     | Found a glowing silver altar of Zin.
 21743 | D:10     | Found a shimmering altar of Xom.
 21745 | D:10     | Found a basalt altar of Yredelemnul.
 21751 | D:10     | Found a sacrificial altar of Ru.
 21754 | D:10     | Found a shimmering blue altar of Sif Muna.
 21964 | D:10     | Killed Lodul
 21965 | D:10     | Reached skill level 1 in Translocations
 22971 | Lair:1   | Reached skill level 10 in Air Magic
 23394 | Lair:1   | Reached XP level 12. HP: 47/59 MP: 20/30
 23397 | Lair:1   | Reached **** piety under Vehumet
 23764 | Lair:1   | Reached skill level 13 in Spellcasting
 23821 | Lair:1   | Reached skill level 1 in Staves
 24240 | Lair:1   | Offered knowledge of Flame Wave by Vehumet.
 25709 | Lair:2   | Reached skill level 14 in Spellcasting
 26090 | Lair:2   | Learned a level 4 spell: Flame Wave
 26194 | Lair:2   | Reached ***** piety under Vehumet
 26258 | Lair:2   | Reached skill level 1 in Fire Magic
 26285 | Lair:2   | Offered knowledge of Fireball by Vehumet.
 27193 | Lair:2   | Found a staircase to the Swamp.
 28037 | Lair:3   | Found a hole to the Spider Nest.
 28170 | Lair:3   | Noticed an eight-headed hydra
 28184 | Lair:3   | Killed an eight-headed hydra
 28244 | Lair:3   | Learned a level 5 spell: Fireball
 28250 | Lair:3   | Reached XP level 13. HP: 63/63 MP: 13/33
 28433 | Lair:3   | Reached skill level 15 in Spellcasting
 29855 | Lair:4   | Found a staircase to the Slime Pits.
 29904 | Lair:4   | Reached skill level 5 in Fire Magic
 30208 | Lair:4   | Learned a level 5 spell: Freezing Cloud
 30452 | Lair:4   | Reached skill level 1 in Fighting
 30718 | Lair:5   | Entered Level 5 of the Lair of Beasts
 30817 | Lair:5   | Reached skill level 16 in Spellcasting
 31024 | Lair:5   | Offered knowledge of Plasma Beam by Vehumet.
 31862 | Lair:5   | HP: 3/69 [large abomination (48)]
 32136 | Lair:5   | Reached XP level 14. HP: 76/76 MP: 23/36
 32423 | Lair:5   | Reached skill level 17 in Spellcasting
 33923 | Lair:5   | Reached skill level 18 in Spellcasting
 33936 | Lair:5   | Learned a level 6 spell: Plasma Beam
 34848 | Lair:5   | Found a corrupted altar of Lugonu.
 34848 | Lair:5   | Found a one-way gate to the infinite horrors of the Abyss.
 35879 | D:11     | Offered knowledge of Conjure Ball Lightning by Vehumet.
 36746 | D:11     | Found a staircase to the Orcish Mines.
 37366 | D:12     | Found a transporter.
 37366 | D:12     | Noticed innerfire43's ghost (journeyman DsMo)
 37369 | D:12     | Found a transporter.
 37688 | D:12     | Offered knowledge of Yara's Violent Unravelling by Vehumet.
 37876 | D:12     | Reached skill level 19 in Spellcasting
 38459 | D:12     | Reached skill level 5 in Evocations
 38567 | D:12     | Found a snail-covered altar of Cheibriados.
 39564 | D:13     | Identified the +2 robe "Nemimen" {rCorr}
 40142 | D:13     | Found a gate to the Vaults.
 41277 | D:14     | Reached XP level 15. HP: 45/80 MP: 13/40
 41484 | D:14     | Found Yqoerghu's CLEARANCE SALE!.
 41494 | D:14     | Bought 2 potions of heal wounds for 40 gold pieces
 41540 | D:14     | Offered knowledge of Starburst by Vehumet.
 42142 | D:14     | Learned a level 6 spell: Starburst
 42241 | D:15     | Entered Level 15 of the Dungeon
 43272 | D:15     | Found a staircase to the Depths.
 43783 | D:15     | Reached skill level 10 in Fire Magic
 44409 | Orc:1    | Entered Level 1 of the Orcish Mines
 44701 | Orc:2    | Entered Level 2 of the Orcish Mines
 44701 | Orc:2    | Found a staircase to the Elven Halls.
 46733 | Orc:2    | Reached skill level 5 in Fighting
 46993 | Orc:2    | Found Secza's Distillery.
 46999 | Orc:2    | Bought a potion of heal wounds for 55 gold pieces
 46999 | Orc:2    | Bought 2 potions of heal wounds for 110 gold pieces
 46999 | Orc:2    | Bought a potion of invisibility for 88 gold pieces
 46999 | Orc:2    | Bought a potion of enlightenment for 55 gold pieces
 47333 | Orc:2    | Found Siutaj's Armour Shoppe.
 47333 | Orc:2    | Found Wexowk's Weapon Boutique.
 47335 | Orc:2    | Found Junuevumux's Antique Weapon Shoppe.
 47335 | Orc:2    | Found Zecofeal's Jewellery Boutique.
 47352 | Orc:2    | Upgraded the game from 0.31-a0-217-g58bb5d79cf to
                  | 0.31-a0-219-g8d62b2e7bb
 47497 | Spider:1 | Entered Level 1 of the Spider Nest
 47655 | Spider:1 | HP: 4/83 [culicivora simulacrum (17)]
 48903 | Spider:1 | Noticed an emperor scorpion
 48970 | Spider:1 | Killed an emperor scorpion
 49406 | Spider:1 | Reached XP level 16. HP: 90/90 MP: 23/41
 50546 | Spider:1 | Learned a level 4 spell: Sticky Flame
 51065 | Spider:1 | Reached ****** piety under Vehumet
 51065 | Spider:1 | Offered knowledge of Leda's Unmaking by Vehumet.
 51414 | Spider:1 | Reached skill level 1 in Ranged Weapons
 51929 | Spider:2 | Reached skill level 20 in Spellcasting
 52750 | Spider:2 | Reached skill level 5 in Ranged Weapons
 52992 | Spider:2 | HP: 3/83 [culicivora (7)]
 57940 | Spider:3 | Reached skill level 10 in Fighting
 59698 | Spider:4 | Entered Level 4 of the Spider Nest
 59698 | Spider:4 | Found a frozen archway.
 60563 | Spider:4 | Reached XP level 17. HP: 102/102 MP: 28/43
 60663 | Spider:4 | Offered knowledge of Orb of Destruction by Vehumet.
 60672 | Spider:4 | Learned a level 7 spell: Orb of Destruction
 61863 | Spider:4 | HP: 1/102 [disintegration (30)]
 62038 | Spider:4 | Reached skill level 10 in Conjurations
 64649 | Spider:4 | Got a gossamer rune of Zot
 64951 | Swamp:1  | Entered Level 1 of the Swamp
 65166 | Swamp:1  | Reached skill level 10 in Stealth
 65329 | Swamp:1  | Reached skill level 10 in Dodging
 65600 | Swamp:1  | Found a shimmering blue altar of Sif Muna.
 66878 | Swamp:2  | Offered knowledge of Chain Lightning by Vehumet.
 66878 | Swamp:2  | Offered knowledge of Ignition by Vehumet.
 66878 | Swamp:2  | Offered knowledge of Maxwell's Capacitive Coupling by
                  | Vehumet.
 69674 | Swamp:3  | Reached skill level 21 in Spellcasting
 69774 | Swamp:3  | Reached skill level 10 in Evocations
 70234 | Swamp:3  | Killed from afar by a spriggan druid

Illustrated notes

Levels and vault maps discovered:
D:1:      ldierk_walled_garden_2, layout_basic, serial_shops, shop,
          chequers_serial_rivers_small_3, nicolae_figureground_sparkle
D:2:      layout_loops_cross, grunt_ministairs_3
D:3:      layout_basic, portal_sewer_entry_a, serial_glass, glass_columns_a,
          glass_columns_a, glass_columns_c, glass_columns_c, glass_columns_b,
          glass_columns_a, glass_columns_b, glass_columns_b
D:4:      layout_rooms, serial_shops, shop, uniq_crazy_yiuf_cottage,
          uniq_menkaure, uniq_blork_the_orc
D:5:      layout_cave_pools, lemuel_coloured_pillars_altar
D:6:      layout_cave_pools, overflow_temple_1_default, serial_demonic,
          serial_demonic_a, serial_demonic_a, serial_demonic_c,
          serial_demonic_d, chequers_serial_rivers_small_a, minmay_puff
D:7:      minmay_klotski, layout_layer_cave, temple_statues, enter_bailey_3,
          grunt_decor_fettered
D:8:      layout_gridville, chequers_avenue
D:9:      layout_roguey, elyvilon_altar_4, minmay_lair_entry_grove,
          ebering_ghost_funeral_grove
D:10:     layout_long_grid, nicolae_overflow_hallway_of_the_gods, serial_shops,
          shop_statue, uniq_fannar, uniq_lodul
D:11:     layout_roguey, zombieorc2_lemuel
D:12:     layout_cave_pods, gammafunk_ghost_mausoleum, chei_slow_surprise
D:13:     layout_irregular_city, hangedman_vaults_entry_quadrant_bands
D:14:     layout_basic, chequers_hall_statues_wall_a, nicolae_shop_clearance
D:15:     grunt_enter_depths_snipers, layout_long_grid, serial_rivers,
          chequers_serial_rivers_micro_d, chequers_serial_rivers_micro_d,
          chequers_serial_rivers_room_a, chequers_serial_rivers_large_b,
          chequers_serial_rivers_micro_c
Temple:   hellmonk_temple_flake
Lair:1:   layout_cave_shapes, grunt_megastairs_2, serial_bayou_shore_a
Lair:2:   layout_cellular_growth, skrybe_swamp_entry_bodies, grunt_megastairs_1,
          wad_woods_river_01
Lair:3:   layout_regular_city, nicolae_spider_entry_non_spiders,
          lightli_volcano_entry_magma_tube, beast_lair_carwin_7
Lair:4:   layout_regular_city, nicolae_slime_entry_slimehenge, lemuel_fruit_tree
Lair:5:   hellmonk_lair_end_abyssal_woods, layout_misc_corridors
Swamp:1:  nicolae_swamp_decorative_isthmus, layout_basic_swamp, basic_altar
Swamp:2:  layout_basic_swamp, evilmike_swamp_ruin_house_4, swamp_pool5
Swamp:3:  layout_basic_swamp, hangedman_swamp_pad, swamp_pool1,
          nzn_swamp_stair_ambush
Spider:1: nicolae_spider_hilbert_zone_4 [nicolae_spider_hilbert_4_sides_2_open,
          nicolae_spider_hilbert_4_sides_1_open,
          nicolae_spider_hilbert_4_sides_1_open,
          nicolae_spider_hilbert_4_sides_1_open,
          nicolae_spider_hilbert_4_sides_1_open,
          nicolae_spider_hilbert_2_sides_1_open,
          nicolae_spider_hilbert_2_sides_1_open,
          nicolae_spider_hilbert_2_sides_1_open,
          nicolae_spider_hilbert_2_sides_1_open,
          nicolae_spider_hilbert_6_sides_1_open,
          nicolae_spider_hilbert_6_sides_1_open,
          nicolae_spider_hilbert_3_sides_1_open,
          nicolae_spider_hilbert_3_sides_1_open]
Spider:2: layout_chambers, nicolae_spider_webbed_stairs
Spider:3: layout_chambers, nicolae_spider_bzzzt, nicolae_spider_cling_halls
Spider:4: grunt_spider_rune_circles, portal_ice_cave_entry_pillars_three,
          einodemon_crawler_minivault
Orc:1:    layout_caves, mines2_lemuel
Orc:2:    grunt_orc_tribal_feast, layout_caves, serial_shops,
          nicolae_shop_back_alley_shop, nicolae_orc_pool_cavern, mines2_david

Skill      XL: |  1  2  3  4  5  6  7  8  9 10 11 12 13 14 15 16 17 |
---------------+----------------------------------------------------+-----
Stealth        | 3 4 5 7 8 10 | 10.0
Dodging        | 3 4 5 7 8 10 | 10.0
Conjurations   | 2 3 4 6 8 9 10 | 10.0
Spellcasting   | 4 5 6 8 10 11 12 14 16 19 20 21 | 21.1
Air Magic      | 4 5 6 8 9 10 11 12 | 12.4
Shields        | 1 4 5 |  5.3
Armour         | 2 4 |  4.0
Hexes          | 4 |  4.0
Evocations     | 4 6 8 10 | 10.0
Translocations | 3 4 |  4.0
Staves         | 4 |  4.7
Fire Magic     | 3 7 9 12 13 14 | 14.0
Fighting       | 4 6 10 | 10.0
Ranged Weapons | 8 |  8.0

Action                     |  1- 3 |  4- 6 |  7- 9 | 10-12 | 13-15 | 16-18 || total
---------------------------+-------+-------+-------+-------+-------+-------++-------
  Melee: Dagger            |     3 |     6 |    58 |     3 |       |       ||    70
         Staff             |       |       |       |   136 |   447 |   170 ||   753
         Short sword       |       |       |       |     2 |       |       ||     2
         Demon trident     |       |       |       |     2 |       |       ||     2
         Shortbow          |       |       |       |       |       |     2 ||     2
   Fire: Shortbow          |       |       |       |       |       |    17 ||    17
         Sling             |       |       |       |       |       |    14 ||    14
  Throw: Dart              |       |       |     1 |       |       |       ||     1
   Cast: Shock             |    87 |   161 |   210 |   319 |   376 |    45 ||  1198
         Static Discharge  |       |    12 |    74 |   285 |   318 |    31 ||   720
         Airstrike         |       |       |    14 |    49 |   202 |    99 ||   364
         Swiftness         |       |       |     1 |     1 |     1 |       ||     3
         Iskenderun's Myst |       |       |       |     1 |    33 |    27 ||    61
         Fulminant Prism   |       |       |       |     2 |     3 |       ||     5
         Fireball          |       |       |       |     1 |    73 |     5 ||    79
         Flame Wave        |       |       |       |       |     4 |       ||     4
         Plasma Beam       |       |       |       |       |    57 |   284 ||   341
         Freezing Cloud    |       |       |       |       |     3 |     8 ||    11
         Starburst         |       |       |       |       |     1 |     7 ||     8
         Orb of Destructio |       |       |       |       |       |     4 ||     4
  Evoke: Wand              |       |       |     8 |     4 |     4 |    22 ||    38
    Use: Scroll            |       |     1 |    24 |    11 |     4 |    14 ||    54
         Potion            |       |       |     2 |       |     3 |    11 ||    16
   Stab: Sleeping          |     1 |     1 |     2 |     2 |     1 |       ||     7
         Paralysed         |       |       |     1 |       |       |       ||     1
         Distracted        |       |       |       |     1 |       |     2 ||     3
         Invisible         |       |       |       |       |     1 |       ||     1
 Armour: Robe              |     6 |     6 |    20 |     1 |       |       ||    33
         Leather armour    |       |       |       |   108 |   227 |   132 ||   467
  Dodge: Dodged            |    10 |    50 |   110 |   314 |   541 |   316 ||  1341
  Block: Buckler           |       |     5 |    33 |   188 |   346 |   106 ||   678

Table legend: (Time is in decaauts)
 A = Elapsed time spent in this place.
 B = Non-inter-level travel time spent in this place.
 C = Inter-level travel time spent in this place.
 D = Time resting spent in this place.
 E = Time spent auto-exploring this place.
 F = Levels seen in this place.
 G = Mean time per level.
                   A        B        C        D        E       F      G
               +--------+--------+--------+--------+--------+-----+--------+
         Total |  70599 |  68660 |   1939 |  39451 |  19313 |  32 | 2206.2 |
       Dungeon |  26974 |  25876 |   1098 |  11913 |   9933 |  15 | 1798.3 |
        Temple |    177 |    166 |     11 |      0 |    134 |   1 |  177.0 |
          Lair |  14357 |  13932 |    425 |   7067 |   4304 |   5 | 2871.4 |
         Swamp |   5407 |   5397 |     10 |   4044 |    903 |   3 | 1802.3 |
   Spider Nest |  16386 |  16027 |    359 |  11386 |   2953 |   4 | 4096.5 |
  Orcish Mines |   2981 |   2947 |     34 |   1789 |    692 |   2 | 1490.5 |
         Sewer |   1477 |   1477 |      0 |    925 |    361 |   1 | 1477.0 |
        Bailey |   2838 |   2838 |      0 |   2326 |     31 |   1 | 2838.0 |
               +--------+--------+--------+--------+--------+-----+--------+

Top non-repeatable levels by time:
Spider:3: 5022 daAuts
Spider:1: 4632 daAuts
  Lair:5: 4108 daAuts
     D:9: 3732 daAuts
Spider:4: 3648 daAuts
Spider:2: 3083 daAuts
  Lair:1: 2956 daAuts
  Bailey: 2838 daAuts
  Lair:2: 2617 daAuts
  Lair:3: 2563 daAuts
   Orc:2: 2287 daAuts
 Swamp:1: 2239 daAuts
  Lair:4: 2111 daAuts
    D:15: 2075 daAuts
    D:10: 2074 daAuts
